 Dungeon Crawl Stone Soup version 0.31-a0-640-g39d97e502b (webtiles) character file.

Game seed: 7508954868981671792

36 qw the Shooter (level 3, -2/21 HPs)
             Began as a Gargoyle Hunter on Aug 27, 2023.
             Slain by a worm (6 damage)
             ... on level 2 of the Dungeon.
             The game lasted 00:00:26 (1014 turns).

qw the Shooter (Gargoyle Hunter)                    Turns: 1014, Time: 00:00:26

Health: -2/21      AC:  8    Str: 14    XL:     3   Next: 37%
Magic:  3/3        EV: 10    Int:  9    God:
Gold:   67         SH:  0    Dex: 15    Spells: 2/2 levels left

rFire   . . .        Y - +0 shortbow
rCold   . . .        (shield currently unavailable)
rNeg    + . .        e - +0 ring mail
rPois   inf          (no helmet)
rElec   +            (no cloak)
rCorr   .            (no gloves)
SInv    .            (no boots)
Will    .....        (no amulet)
Stlth   +            (no ring)
HPRegen 0.23/turn    (no ring)
MPRegen 0.08/turn

%: no passive effects
@: no status effects
A: sickness immunity, AC +3, negative energy resistance 1, electricity
resistance, torment resistance 1, petrification resistance
a: no special abilities


You were on level 2 of the Dungeon.
You visited 1 branch of the dungeon, and saw 2 of its levels.

You collected 67 gold pieces.


Innate Abilities, Weirdness & Mutations

You are immune to sickness and miasma.
Your stone body is resilient. (AC +3)
You are immune to poison.
You resist negative energy. (rN+)
You are resistant to electric shocks. (rElec)
You are resistant to unholy torment.
You are immune to petrification.


   Skills:
 - Level 2.2 Fighting
 - Level 5.0 Ranged Weapons
 + Level 0.8 Armour
 - Level 1.5 Dodging
 - Level 1.1 Stealth


You had 2 spell levels left.
You didn't know any spells.
Your spell library was empty.

Inventory:

Hand Weapons
 Y - a +0 shortbow (weapon)
Armour
 e - a +0 ring mail (worn)
Scrolls
 a - a scroll of identify
 b - a scroll of amnesia {unknown}
Potions
 d - a potion of magic {unknown}
 f - a potion of mutation {unknown}
 g - a potion of curing {unknown}

Dungeon Overview and Level Annotations

Branches:
Dungeon (2/15)

Altars:


Message History

The adder bites you but does no damage. The adder barely misses you.
You shoot an arrow. The arrow misses the adder.
The adder bites you but does no damage. The adder closely misses you.
You shoot an arrow. The arrow hits the adder.
The adder is moderately wounded.
The adder misses you.
You shoot an arrow. The arrow hits the adder.
The adder is heavily wounded.
The adder closely misses you. The adder bites you but does no damage.
You shoot an arrow. The arrow misses the adder.
The adder barely misses you. x2
You shoot an arrow. The arrow closely misses the adder.
The adder barely misses you.
You shoot an arrow. The arrow completely misses the adder.
The adder bites you. The worm bites you.
The adder bites you but does no damage.
You shoot an arrow. The arrow barely misses the adder.
The adder barely misses you. The worm bites you. The adder bites you.
You shoot an arrow. The arrow misses the adder.
The adder closely misses you. The worm bites you but does no damage.
You shoot an arrow. The arrow hits the adder.
The adder is severely wounded.
The adder misses you. The adder barely misses you.
You shoot an arrow. The arrow misses the adder.
The adder bites you. The worm barely misses you.
You shoot an arrow. The arrow misses the adder.
The adder closely misses you. The adder bites you. The worm barely misses you.
You shoot an arrow. The arrow misses the adder.
The adder bites you. The adder closely misses you.
The worm bites you but does no damage.
You shoot an arrow. The arrow closely misses the adder.
The adder bites you but does no damage.
You shoot an arrow. The arrow misses the adder.
The adder barely misses you. The worm bites you.
The adder bites you but does no damage.
You shoot an arrow. The arrow closely misses the adder.
The adder closely misses you. The worm bites you but does no damage.
You shoot an arrow. The arrow closely misses the adder.
The adder barely misses you. The adder bites you but does no damage.
The worm bites you.
You die...

#..# #####..#####.
............ ...........
......... +# .....###.
.###############S.......
...........%....@.......
.##.######.#####.w..###.
.##.# #.# #....# .##.##
#.# #....### .##..#
#.#####........
###..#####.##...........
........................
.....#####..............
###..#####.##.#...w....


You could see a worm and an adder.

Vanquished Creatures
  2 worms (D:2)
  2 dart slugs (D:1)
  3 ball pythons
  4 endoplasms
  A giant cockroach (D:2)
  2 goblins
  A hobgoblin (D:1)
  2 kobolds (D:2)
  A quokka (D:2)
  2 bats
  2 frilled lizards (D:1)
  4 rats
26 creatures vanquished.

Notes
Turn   | Place    | Note
-------+----------+-------------------------------------------
     0 | D:1      | qw the Gargoyle Hunter began the quest for the Orb.
     0 | D:1      | Reached XP level 1. HP: 12/12 MP: 1/1
     0 | D:1      | 0 ||| qw: Version: 0.3-a-74-g0d5e918
     0 | D:1      | 0 ||| qw: Game counter: 20
     0 | D:1      | 0 ||| qw: Melee chars always use a shield: true
     0 | D:1      | 0 ||| qw: God list: Okawaru
     0 | D:1      | 0 ||| qw: Allow faded altars: false
     0 | D:1      | 0 ||| qw: Do Orc after clearing Dungeon:15 true
     0 | D:1      | 0 ||| qw: Do second Lair branch before Depths: true
     0 | D:1      | 0 ||| qw: Lair rune preference: random
     0 | D:1      | 0 ||| qw: Goals: Normal
     0 | D:1      | 0 ||| PLANNING D:1-11
    12 | D:1      | You fall into a shaft and drop 1 floor!
    51 | D:2      | Reached XP level 2. HP: 17/17 MP: 2/2
    94 | D:2      | 94 ||| DROPPING scroll of butterflies.
    99 | D:2      | 99 ||| FLEEEEING.
    99 | D:2      | Found a faded altar of an unknown god.
   100 | D:2      | 100 ||| FLEEEEING.
   101 | D:2      | 101 ||| FLEEEEING.
   102 | D:2      | 102 ||| FLEEEEING.
   103 | D:2      | 103 ||| STAIRDANCE
   247 | D:1      | Reached XP level 3. HP: 21/21 MP: 3/3
   547 | D:1      | Reached skill level 5 in Ranged Weapons
   701 | D:1      | 701 ||| UPGRADING to +0 ring mail.
   711 | D:1      | 711 ||| DROPPING +0 leather armour.
   712 | D:1      | 712 ||| READING 2 scrolls labelled BOCHASHUIRI.
   713 | D:1      | 713 ||| READING scroll labelled MOKEH VOUHI.
   718 | D:1      | 718 ||| READING scroll labelled SASOCA MUEPHE.
  1012 | D:2      | HP: 4/21 [worm (4)]
  1014 | D:2      | Slain by a worm

Levels and vault maps discovered:
D:1:      ncdulo_lavacross, layout_rooms, kennysheep_boxes
D:2:      layout_basic, ebering_ecumenical_altar_abandoned, minmay_crystal_room

Skill      XL: |  1  2  3 |
---------------+----------+-----
Ranged Weapons | 5 |  5.0
Fighting       | |  2.2
Armour         | |  0.8
Dodging        | |  1.5
Stealth        | |  1.1

Action                     || total
---------------------------++-------
   Fire: Shortbow          ||   115
    Use: Scroll            ||     3
 Armour: Leather armour    ||    13
         Ring mail         ||    16
  Dodge: Dodged            ||    42

Table legend:
 A = Non-vault XP
 B = Vault XP
 C = Vault XP percentage of total XP
 D = Non-vault monster count
 E = Vault monster count
 F = Vault count percentage of total count
                 A         B        C        D         E       F
            +---------+---------+-------+---------+---------+-------
      Total |      52 |       0 |   0.0 |      26 |       0 |   0.0
            +---------+---------+-------+---------+---------+-------
        D:1 |      26 |       0 |   0.0 |      14 |       0 |   0.0
        D:2 |      26 |       0 |   0.0 |      12 |       0 |   0.0
            +---------+---------+-------+---------+---------+-------
